 Dungeon Crawl Stone Soup version 0.27-a0-1051-g288ea87c7c (webtiles) character file.

Game seed: 16178272055969786513

39 derath95 the Skirmisher (level 3, -9/36 HPs)
             Began as a Troll Fighter on Apr 20, 2021.
             Mangled by an iron imp (12 damage)
             ... summoned by Natasha
             ... on level 2 of the Dungeon.
             The game lasted 00:04:52 (888 turns).

derath95 the Skirmisher (Troll Fighter)              Turns: 888, Time: 00:04:52

Health: -9/36      AC:  4    Str: 24    XL:     3   Next: 26%
Magic:  2/2        EV:  8    Int:  5    God:
Gold:   36         SH:  8    Dex:  9    Spells: 2/2 levels left

rFire    . . .     SeeInvis .   a - +0 long sword
rCold    . . .     Faith    .   c - +0 kite shield
rNeg     . . .     Spirit   .   b - +0 robe
rPois    .         Reflect  .   (helmet restricted)
rElec    .         Harm     .   (no cloak)
rCorr    .         Rampage  .   (gloves unavailable)
Will     .....                  (boots unavailable)
Stlth    +.........             (no amulet)
HPRegen  1.12/turn              (no ring)
MPRegen  0.08/turn              (no ring)

@: no status effects
A: large, unfitting armour, claws 3, regeneration 1, shaggy fur 1, tough skin 1
a: no special abilities


You were on level 2 of the Dungeon.
You visited 1 branch of the dungeon, and saw 2 of its levels.

You collected 36 gold pieces.

Inventory:

Hand Weapons
 a - a +0 long sword (weapon)
Missiles
 e - a throwing net (quivered)
Armour
 b - a +0 robe (worn)
 c - a +0 kite shield (worn)
Scrolls
 f - a scroll of teleportation {unknown}
 g - a scroll of amnesia {unknown}
 h - a scroll of identify {unknown}
Potions
 d - a potion of might
 i - a potion of flight {unknown}
 j - a potion of cancellation {unknown}


   Skills:
 + Level 2.7 Fighting
 + Level 2.2 Long Blades
 + Level 2.7 Dodging
 + Level 2.6 Shields


You had 2 spell levels left.
You didn't know any spells.
Your spell library was empty.

Dungeon Overview and Level Annotations

Branches:
Dungeon (2/15)

Altars:

Annotations:
D:2 Natasha


Innate Abilities, Weirdness & Mutations

You are too large for most types of armour.
You have claws for hands.
Your natural rate of healing is unusually fast.
You are covered in fur. (AC +1)
You have tough skin. (AC +1)


Message History

You kill the ball python!
A worm comes into view.
You slash the worm!
The worm is heavily wounded.
You hit the worm.
The worm is severely wounded.
The worm bites you!
You hit the worm but do no damage.
The worm is severely wounded.
The worm closely misses you.
You barely miss the worm.
The worm is severely wounded.
You block the worm's attack.
You slash the worm!
You kill the worm!
A rat comes into view.
You block the rat's attack.
Found 16 gold pieces.
You slash the rat!
You kill the rat!
Natasha, Servant of Life and Death comes into view.
Natasha hisses angrily.
Natasha casts a spell.
You closely miss Natasha. Natasha claws you. The iron imp closely misses you.
Natasha barely misses you.
You riposte.
You closely miss Natasha. You closely miss Natasha. The iron imp hits you.
Natasha claws you. The iron imp barely misses you.
You riposte.
You closely miss the iron imp. You slash Natasha!
Natasha is severely wounded.
Natasha stares at you and mumbles some strange words.
The magic dart hits you! The iron imp hits you! You block Natasha's attack.
You completely miss Natasha.
Natasha is severely wounded.
Natasha claws you. You block the iron imp's attack.
You closely miss Natasha.
Natasha is severely wounded.
Natasha claws you!
* * * LOW HITPOINT WARNING * * *
The iron imp hits you!
You die...

#.# .. #.# #.#
#.# #.# #.###
########...#
##..5#...##.#
#...h@....#.#
#...............
#....$........##
#...........#...
##...............
##...#...###..#.
######### .## .


You could see an iron imp (summoned) and Natasha.

Vanquished Creatures
  2 worms (D:2)
  2 dart slugs (D:1)
  A bat (D:1)
  5 endoplasms
  2 goblins (D:1)
  3 hobgoblins (D:1)
  3 kobolds (D:1)
  A quokka (D:1)
  4 ball pythons
  5 rats
28 creatures vanquished.

Notes
Turn   | Place    | Note
-------+----------+-------------------------------------------
     0 | D:1      | derath95 the Troll Fighter began the quest for the Orb.
     0 | D:1      | Reached XP level 1. HP: 22/22 MP: 0/0
   253 | D:1      | Found a faded altar of an unknown god.
   395 | D:1      | Reached XP level 2. HP: 20/29 MP: 1/1
   789 | D:2      | Reached XP level 3. HP: 36/36 MP: 2/2
   880 | D:2      | Noticed Natasha
   888 | D:2      | Mangled by an iron imp

Illustrated notes

Levels and vault maps discovered:
D:1:      nicolae_arrival_somewhat_less_tricky_arrival, layout_loops_ring,
          ebering_ecumenical_altar_ruins
D:2:      minmay_wonky_spiral, layout_rooms, uniq_natasha

Skill      XL: |  1  2 |
---------------+-------+-----
Long Blades    | 2 |  2.2
Fighting       | |  2.7
Dodging        | |  2.7
Shields        | |  2.6

Action                   || total
-------------------------++-------
Melee: Long sword        ||    98
Armor: Robe              ||    29
Dodge: Dodged            ||    23
Block: Kite shield       ||    42
       Rpst.: Long sword ||    11

Table legend: (Time is in decaauts)
 A = Elapsed time spent in this place.
 B = Non-inter-level travel time spent in this place.
 C = Inter-level travel time spent in this place.
 D = Time resting spent in this place.
 E = Time spent auto-exploring this place.
 F = Levels seen in this place.
 G = Mean time per level.
                   A        B        C        D        E       F      G
               +--------+--------+--------+--------+--------+-----+--------+
         Total |    938 |    922 |     16 |      0 |      0 |   2 |  469.0 |
       Dungeon |    938 |    922 |     16 |      0 |      0 |   2 |  469.0 |
               +--------+--------+--------+--------+--------+-----+--------+

Top non-repeatable levels by time:
     D:1: 759 daAuts
     D:2: 178 daAuts
